Cogmind - Beta 17.1 @@@ ROGUE MODE // 2026.09.11 @ 14:58:30 Player: cel Result: Destroyed by G-34 Mercenary with Small Laser Performance ------------- Evolutions (1) 500 Regions Visited (3) 600 Robots Destroyed (11) 55 Value Destroyed (257) 257 Prototype IDs (0) 0 Alien Tech Used (0) 0 Bonus (0) 0 TOTAL SCORE: 1412 Bonus ------- None Cogmind --------- Core Integrity 0/400 Matter 294/300 Energy 99/100 System Corruption 0% Temperature Cool (12) Movement Core (100) Ox1 Location -9/Mines Parts ------- > --- POWER (1) -------- (None) > --- PROPULSION (4) --- (None) > --- UTILITY (2) ------ Small Storage Unit > --- WEAPON (2) ------- (None) > --- INVENTORY (8) ---- Improved Ion Engine Light Armor Plating Light Armor Plating Tractor Beam Tractor Beam Field Recycling Unit (0) EM Pulse Gun Beam Rifle Peak State ------------ > --- POWER ------------ Light Nuclear Core > --- PROPULSION ------- Aluminum Leg Aluminum Leg > --- UTILITY ---------- Small Storage Unit Light Armor Plating > --- WEAPON ----------- Light Assault Rifle Grenade Launcher > --- INVENTORY -------- Light Ion Engine Light Ion Engine Light Armor Plating Light Armor Plating Tractor Beam Tractor Beam EM Pulse Gun Small Laser [Rating: 9] Favorites ----------- Power Improved Ion Engine Engine Improved Ion Engine Power Core Light Nuclear Core Propulsion Aluminum Leg Leg Aluminum Leg Utility Small Storage Unit Storage Small Storage Unit Protection Light Armor Plating Weapon Light Assault Rifle Energy Gun Small Laser Ballistic Gun Light Assault Rifle Launcher Grenade Launcher Build | -11 -10 -9 -9 ------- Run | Yrd Mat Mat Min Slots Evolved 2 | . . 2 . Power . | . . . . Propulsion 2 | . . 2 . Utility . | . . . . Weapon . | . . . . Parts Attached 13 | 6 3 4 . Power 4 | 1 1 2 . Engine 3 | 1 . 2 . Core 1 | . 1 . . Reactor . | . . . . Propulsion 2 | 2 . . . Treads . | . . . . Leg 2 | 2 . . . Wheel . | . . . . Hover . | . . . . Flight . | . . . . Utility 3 | 1 1 1 . Device . | . . . . Storage 1 | 1 . . . Processor . | . . . . Hackware . | . . . . Protection 2 | . 1 1 . Artifact . | . . . . Weapon 4 | 2 1 1 . Energy Gun 1 | 1 . . . Energy Cannon . | . . . . Ballistic Gun 2 | 1 . 1 . Ballistic Cannon . | . . . . Launcher 1 | . 1 . . Special Weapon . | . . . . Impact Weapon . | . . . . Slashing Weapon . | . . . . Piercing Weapon . | . . . . Special Melee Weapon . | . . . . Unidentified Prototypes . | . . . . Parts Lost 8 | . . 5 3 Power 2 | . . 1 1 Propulsion 2 | . . 2 . Utility 2 | . . 1 1 Weapon 2 | . . 1 1 Highest Loss Streak 3 | . . 3 3 To Critical Strikes . | . . . . Average Backups 7 | 2 6 8 8 Power 1 | . 1 1 1 Propulsion . | . . . . Utility 4 | . 2 4 5 Weapon 1 | 1 1 2 2 Tool/Special . | . . . . Unused Backups 8 | . . 1 7 Power 1 | . . 1 . Propulsion . | . . . . Utility 5 | . . . 5 Weapon 2 | . . . 2 Tool/Special . | . . . . Average Slot Usage (%) 64 | . 96 68 54 Engine 9 | . 8 7 10 Core 1 | . 5 2 . Leg 9 | . 28 18 . Storage 11 | . 14 11 11 Protection 10 | . 10 9 10 Ballistic Gun 19 | . 14 17 21 Launcher 2 | . 11 1 . Peak Build Rating 9 | 6 9 9 7 Average Rating 6 | 3 7 7 6 On Entrance 5 | . 6 9 7 Avg Prop Armor Cover (%) . | . . . . Naked Turns . | . . . . Heaviest Build 17 | 10 17 17 17 Greatest Support 20 | 20 20 20 3 Greatest Overweight (x) 5 | 2 . 5 5 Average Overweight (x) 2 | . . . 4 Largest Inventory Capacity 8 | 8 8 8 8 Average Capacity 7 | 7 8 8 8 Most Carried 8 | 6 8 8 8 Average Carried 7 | 2 6 7 8 Final Capacity 8 | 8 8 8 8 Final Carried 8 | 2 8 8 8 Class Distribution -------------------- 100% | Mutant Dominant Class ---------------- Mutant | -10/Materials Mutant | -9/Materials Mutant | -9/Mines Resources | -11 -10 -9 -9 ----------- Run | Yrd Mat Mat Min Matter Collected 395 | 230 16 142 7 Remotely . | . . . . Salvage Created 237 | . 50 187 . Parts 15 | . 3 12 . Haulers Intercepted . | . . . . Recyclers Shooed . | . . . . Parts Field Recycled . | . . . . Retrieved Matter . | . . . . Parts Self-Destructed . | . . . . Prevented . | . . . . Parts Restored . | . . . . Kills | -11 -10 -9 -9 ------- Run | Yrd Mat Mat Min Combat Hostiles Destroyed 10 | . 2 8 . Guns 8 | . . 8 . AOE 2 | . 2 . . Classes Destroyed 4 | . 2 2 . Watcher 1 | . 1 . . Swarmer 6 | . . 6 . Grunt 2 | . 2 . . Sentry 2 | . . 2 . Best Kill Streak 5 | . 3 5 . Combat Bots Only 5 | . 2 5 . Max Kills in Single Turn 2 | . 2 1 . Gunslinging . | . . . . Exploded 1 | . 1 . . Melee . | . . . . Uniques/NPCs Destroyed . | . . . . Combat | -11 -10 -9 -9 -------- Run | Yrd Mat Mat Min Hostile Shots Fired 125 | . 4 93 28 Missed 33 | . 2 24 7 Hits 92 | . 2 69 21 Melee 8 | . . . 8 Projectile 84 | . 2 69 13 Critical Strikes 8 | . . 3 5 Damage Taken 1136 | . 40 705 391 Core 406 | . . 178 228 Absorbed by Shields . | . . . . Core Remaining (%) 100 | 100 100 . . Volleys Fired 43 | . 4 28 11 Largest 2 | . 2 2 2 Hottest 50 | . 50 50 40 Shots Fired 57 | . 8 37 12 Gun 52 | . 4 36 12 Cannon . | . . . . Launcher 5 | . 4 1 . Special . | . . . . Kinetic 52 | . 4 36 12 Thermal . | . . . . Explosive 5 | . 4 1 . Electromagnetic . | . . . . Robot Hit Streak 11 | . 3 9 11 Robot Miss Streak 3 | . 1 3 3 Penetration Max . | . . . . Secondary Targets 1 | . . 1 . Max Gunslinging Chain 1 | . . 1 . Shots Hit Robots 37 | . 4 22 11 Core Hits 26 | . 8 15 3 Critical Kills 1 | . . 1 . Critical Parts Destroyed . | . . . . Critical Strikes 1 | . . 1 . Destroy 1 | . . 1 . Melee Attacks . | . . . . Impact . | . . . . Slashing . | . . . . Piercing . | . . . . Sneak Attacks . | . . . . Combat Hostiles . | . . . . Follow-up Attacks . | . . . . Damage Inflicted 553 | . 273 191 89 Guns 275 | . 10 176 89 Cannons . | . . . . Explosions 278 | . 263 15 . Melee . | . . . . Ramming . | . . . . Kinetic 275 | . 10 176 89 Thermal . | . . . . Explosive 278 | . 263 15 . Electromagnetic . | . . . . Impact . | . . . . Slashing . | . . . . Piercing . | . . . . Highest Corruption . | . . . . Average Corruption . | . . . . Corruption Purged . | . . . . Corruption Blocked . | . . . . Overload Shots . | . . . . Overflow Damage 20 | . 20 . . Projectiles . | . . . . Explosions 20 | . 20 . . Melee . | . . . . Knockbacks . | . . . . Impact . | . . . . Kinetic . | . . . . Secondary . | . . . . Self-Inflicted Damage 12 | . . 12 . Shots 1 | . . 1 . Rammed . | . . . . Targets Rammed . | . . . . Kicked . | . . . . Crushed . | . . . . Highest Temperature 43 | . 43 14 4 Average Temperature 9 | . 23 4 3 Received Heat Transfer 216 | . 12 126 78 Siege Activations . | . . . . Martial Activations . | . . . . Shielding Activations . | . . . . Robots Disrupted . | . . . . Combat Hostiles . | . . . . Robots Corrupted . | . . . . Combat Hostiles . | . . . . Parts Fried . | . . . . Impact Corruptions . | . . . . Robots Melted . | . . . . Combat Hostiles . | . . . . Parts Melted . | . . . . Heat Transferred . | . . . . Parts Sabotaged . | . . . . Parts Stolen . | . . . . Parts Stripped . | . . . . Power Chain Reactions . | . . . . Alert | -11 -10 -9 -9 ------- Run | Yrd Mat Mat Min Maximum Alert Level . | . . . . Low Security (%) 100 | 100 100 100 100 Level 1 . | . . . . Level 2 . | . . . . Level 3 . | . . . . Level 4 . | . . . . Level 5 . | . . . . High Security . | . . . . Max Security . | . . . . Peak Influence 100 | . 73 100 23 Initial 23 | . . 13 23 Average 18 | . 24 60 1 Influence Increases 281 | . 73 208 . Destroy 0b10 Robot/C 200 | . 40 160 . Destroy 0b10 Robot/NC 5 | . 5 . . Destroy Leader 42 | . 12 30 . Disable Machine 15 | . . 15 . Destroy Structure 19 | . 16 3 . Influence Decreases 281 | . 40 181 60 Entered New Map 57 | . . 20 37 Time Decay 174 | . 40 111 23 Lost Part 50 | . . 50 . Squads Dispatched . | . . . . Investigation . | . . . . Extermination . | . . . . Reinforcement . | . . . . Assault . | . . . . Garrison . | . . . . Intercept . | . . . . Searches Triggered . | . . . . Construction Impeded . | . . . . Haulers Reinforced . | . . . . Active Scanning Responses . | . . . . Cargo Convoy Interrupts . | . . . . Stealth | -11 -10 -9 -9 --------- Run | Yrd Mat Mat Min Distress Signals 2 | . 1 1 . Communications Jammed . | . . . . Distress Signals . | . . . . Times Spotted 20 | . 3 11 6 Peak Tracking Total 6 | . 3 5 6 Tactical Retreats . | . . . . Traps | -11 -10 -9 -9 ------- Run | Yrd Mat Mat Min Traps Triggered 1 | . 1 . . Indirectly . | . . . . Trap Hack Attempts . | . . . . Triggered . | . . . . Disarmed . | . . . . Reprogrammed . | . . . . Reused . | . . . . Traps Extracted . | . . . . Installed . | . . . . Triggered . | . . . . Machines | -11 -10 -9 -9 ---------- Run | Yrd Mat Mat Min Machines Disabled 1 | . . 1 . Max in Single Turn 1 | . . 1 . Machines Repaired . | . . . . Machines Dismantled . | . . . . Machines Sabotaged . | . . . . Overloaded Fab Kills . | . . . . Hacking | -11 -10 -9 -9 --------- Run | Yrd Mat Mat Min Machines Accessed . | . . . . Terminals . | . . . . Fabricators . | . . . . Repair Stations . | . . . . Recycling Units . | . . . . Scanalyzers . | . . . . Garrison Access . | . . . . Total Hacks . | . . . . Successful . | . . . . Failed . | . . . . Catastrophic . | . . . . Database Lockouts . | . . . . Manual . | . . . . Terminals . | . . . . Fabricators . | . . . . Repair Stations . | . . . . Recycling Units . | . . . . Scanalyzers . | . . . . Garrison Access . | . . . . Terminal Hacks . | . . . . Fabricator Hacks . | . . . . Repair Station Hacks . | . . . . Recycling Unit Hacks . | . . . . Scanalyzer . | . . . . Garrison Access Hacks . | . . . . Unauthorized Hacks . | . . . . Terminals . | . . . . Fabricators . | . . . . Repair Stations . | . . . . Recycling Units . | . . . . Scanalyzers . | . . . . Garrison Access . | . . . . Data Cores Recovered . | . . . . Used . | . . . . Hacking Detections . | . . . . Full Trace Events . | . . . . Feedback Events . | . . . . Feedback Blocked . | . . . . Robot Schematics Acquired . | . . . . Robots Built . | . . . . Authchips . | . . . . Time . | . . . . Total Robot Build Rating . | . . . . Part Schematics Acquired . | . . . . Parts Built . | . . . . Authchips . | . . . . Time . | . . . . Total Part Build Rating . | . . . . Part Studies Acquired . | . . . . Parts Repaired . | . . . . Time . | . . . . Parts Recycled . | . . . . Recycled Matter . | . . . . Retrieved Matter . | . . . . Retrieved Components . | . . . . Parts Scanalyzed . | . . . . Part Schematics Acquired . | . . . . Parts Damaged . | . . . . Bothacking | -11 -10 -9 -9 ------------ Run | Yrd Mat Mat Min Used RIF Installer . | . . . . Robots Hacked . | . . . . Non-combat . | . . . . Combat . | . . . . Robot Hacks Applied . | . . . . Relay Couplers Released . | . . . . Fabnet Peak Effective % . | . . . . Robots Rewired . | . . . . Allies Hacked . | . . . . Hacks Repelled . | . . . . Allies | -11 -10 -9 -9 -------- Run | Yrd Mat Mat Min Total Allies . | . . . . Largest Group . | . . . . Highest-Rated Group . | . . . . Highest-Rated Ally . | . . . . Total Orders . | . . . . Ally Attacks . | . . . . Total Damage . | . . . . Kills . | . . . . Allies Corrupted . | . . . . Allies Melted . | . . . . Intel | -11 -10 -9 -9 ------- Run | Yrd Mat Mat Min Active Infowar (turns) . | . . . . Robot Analysis Total . | . . . . Derelict Logs Recovered . | . . . . Drone Launches . | . . . . Drone Recoveries . | . . . . Exploration | -11 -10 -9 -9 ------------- Run | Yrd Mat Mat Min Turns Passed 1093 | 46 179 241 627 Spaces Moved 489 | 37 121 128 203 Core 223 | 17 . 3 203 Treads . | . . . . Legs 266 | 20 121 125 . Wheels . | . . . . Hover . | . . . . Flight . | . . . . Fastest Speed 50 | 50 120 120 100 Average Speed 197 | 90 120 138 299 Slowest Speed 300 | 150 120 300 300 Overloaded Moves . | . . . . Propulsion Burnouts . | . . . . Robots Hopped . | . . . . Potential Cave-ins . | . . . . Cave-ins Triggered . | . . . . Exploration Rate (%) 25 | 2 30 18 51 Regions Visited 3 Branch Regions 1 Pre-discovered Areas . | . . . . Known Exits Taken . | . . . . Unknown Exits Taken 3 | 1 1 1 . Scrap Searched 2 | . . . 2 Spaces Dug . | . . . . Terrain Destroyed 22 | . 19 3 . Melee . | . . . . Projectile . | . . . . AOE 22 | . 19 3 . Terrain Rammed . | . . . . Walls Destroyed . | . . . . Machines Disabled . | . . . . Actions | -11 -10 -9 -9 --------- Run | Yrd Mat Mat Min Total 572 | 48 146 164 214 Wait 12 | . 12 . . Move 486 | 36 120 127 203 Hop . | . . . . Pick Up 15 | 6 7 2 . Fast Attach 5 | 2 . 3 . Attach 5 | 4 1 . . Detach . | . . . . Swap 3 | . 2 1 . Drop 3 | . . 3 . Fire 43 | . 4 28 11 Melee . | . . . . Ram . | . . . . Kick . | . . . . Crush . | . . . . Escape Stasis . | . . . . Rewire . | . . . . Trap . | . . . . Miscellaneous . | . . . . Route ------- -11/Scrapyard -10/Materials -9/Materials -9/Mines History --------- Turn | Location | Event 9 | -11/Scrapyard | Discovered new exit (range 15) 47 | -11/Scrapyard | Entered Materials 200 | -10/Materials | Discovered new exit (range 14) 226 | -10/Materials | Entered another Materials area 226 | -9/Materials | Evolved 2 slots: Propulsion x2 300 | -9/Materials | Lost 3 parts (1p1u1w) 331 | -9/Materials | Build established: Mutant 429 | -9/Materials | Discovered new exit (range 12) 467 | -9/Materials | Entered Mines 870 | -9/Mines | Assembled infested the area 1082 | -9/Mines | Core integrity fell below 50% 1092 | -9/Mines | Core integrity fell below 20% 1094 | -9/Mines | Destroyed by G-34 Mercenary with Small Laser Last Messages --------------- U-05 Engineer lays Concrete. K-01 Serf collects debris. U-05 Engineer lays Concrete. K-01 Serf collects debris. U-05 Engineer lays Concrete. Lgt. Assault Rifle destroyed. U-05 Engineer lays Concrete. Lgt. Armor Plating destroyed. U-05 Engineer lays Concrete. K-01 Serf collects debris. U-05 Engineer lays Concrete. K-01 Serf collects debris. U-05 Engineer lays Concrete. K-01 Serf collects debris. Imp. Ion Engine destroyed. U-05 Engineer lays Concrete. K-01 Serf collects debris. U-05 Engineer lays Concrete. K-01 Serf collects debris. Lgt. Assault Rifle severed. Map ----- +----------------------------------------------------+ | ?????????????????????????????????????????? ?????? | | ?????????????????????????????????????????? #????? | | ?????????????????????????????????????????? ????? | | ?????????????????????????????????????????? ????? | | ?????????????????????????????????????????? ????? | | ?????????????????????????????????????????? ????? | | ?????????????????????????###??????????????# ????? | | ???????????????????????### ??????????????# #????? | | ???????????????#??????## ??????????????# #????? | | ???????????????? ##### ??????????????# #????? | | ????????????????? #??????????????# #????? | | ?????????????????? ##?????????????# #????? | | ?????????????????????# %###???????##### #????? | | ????????????????????## ! #######?# #????? | | ???????????????????## #?# ####????? | | ????????????######## %=%% ### #???????? | | ?????????? u ! ### ####????? | | ?????????? *%= ## ##???? | | ?????????????####### ! r ###### """ #???? | | ???????????????????### % #???## """ #???? | | ?????????????????????## t #??## """ #???? | | ??????????????????????##k ##??# ##?### | | ??????????####?????????## g ##??## ##?## | | ?????????## ##?????????#g #??## ##### | | ?????????# #????????## #??# #?# | | ?????????# #???????##l@ t##?# ##?# ! | | ????????## ##???????# [ #?## #??# !!!! | | ????????# ##???????## #??# ##?# !!!! | | ????????# ##??????## ##??# ### !! ! | | ????????# ######## #####???# ## | | ????????# ## ##???????## ## | | ????????# ##?????????## ## | | #####??## ##???????????#### ### | | #### ##???????????????####?# ## | | ## ##?????????????????????# ## | | ########????###############?### #? | | ##???????????# = ### ## | | ## #????????????# % | | ##### #????????###?# ####### | | #????###### ##????????# ## ####??# | | ??????????####?????????# # #### | | ????????????????????????# # | | ???????????????????????## %= ### # | | ???????????????????????# ### ## # | | ???????????????????????# ##?# ###### ## | | ???????????????????????## ###??## ##?????###? | | ????????????????????????#######?????####?????????? | | ?????????????????????????????????????????????????? | | ?????????????????????????????????????????????????? | | | +----------------------------------------------------+ Best States ------------- Heat Dissipation 28 Energy Generation 14 Energy Capacity 265 Matter Stores 300 Matter Capacity 300 Sight Range 16 Terrain Scan Density 10 Armor Coverage 150 Evasion (%) 55 Item Schematics ----------------- None Robot Schematics ------------------ None Fabricated ------------ Nothing Repaired ---------- Nothing Studied --------- None Alien Tech Used ----------------- None Achievements -------------- None Challenges ------------ None Game ------ Seed ProtonLauncherBeam Manual? 0 Play Time 00:09:36 Cumulative 27.0 hours Start 2026.09.11 @ 14:49:14 End 2026.09.11 @ 14:58:30 Sessions 1 Manual Loads 0 Difficulty Rogue Special Mode None Game No. 40 Rogue 40 Adventurer 0 Explorer 0 Win Type - Total 0 Types 0/0/0/0/0/0/0/0/0/0 Lore% 23 Gallery% 20 Achievement% 16 Wizard Run 0 Options --------- Layout 1 ASCII 0 Keyboard 0 Movement Mouse Keybinds 0 Fullscreen 1 Font 16/SmallcapsGlow Map View 50x40 Zoom Use 0% Tactical HUD 0 Map Filters NONE Filters NONE Steam SD RUN: a195cae1-7306-4d76-b558-2f00c269dc86